AoeStats
← Lagartixa acessa

Black Forest

508129660Analyzed
3v3 RM · 12d ago on Sep 21, 2026· 57m 12s· 6 players
Game mode
Random Map
Map size
Normal (6 player)
Population
200
Speed
Normal
Resources
Standard
Victory
Conquest
Starting age
Dark Age
Ending age
Imperial Age
RankedLock teamsTeams togetherTeam positionsShared explorationLock speedFull tech treeHidden civsTurbo modeCheats
Victory
Defeat
🇺🇸 Britons · United States
489
+14
🇦🇷 Bengalis · Argentina
462
+15
🇲🇽 Khmer · Mexico
367
+20
🇧🇷 Mongols · Brazil
462
-17
🇧🇷 Tupi · Brazil
440
-16
🇧🇷 Huns · Brazil
439
-16
Lagartixa acessa
3:04 Loom
13:33 Feudal Age
14:54 Wheelbarrow
14:05 Town Watch
14:10 Horse Collar
14:47 Double-Bit Axe
27:37 Castle Age
27:53 Scale Barding Armor
28:09 Forging
28:00 Scale Mail Armor
28:41 Hand Cart
28:39 Heavy Plow
29:31 Bow Saw
29:58 Town Patrol
29:58 Stone Mining
32:11 Chain Barding Armor
32:29 Husbandry
38:34 Imperial Age
36:28 Bloodlines
35:42 Light Cavalry
36:57 Caravan
38:38 Iron Casting
38:21 Chain Mail Armor
41:09 Plate Barding Armor
41:35 Blast Furnace
40:37 Cavalier
42:01 Capped Ram
44:02 Two-Man Saw
43:09 Gold Mining
42:50 Paladin
44:13 Guilds
44:35 Coinage
43:50 Hussar
46:21 Gold Shaft Mining
47:35 Masonry
47:20 Murder Holes
48:27 Chemistry
48:52 Marauders
49:13 Atheism
48:24 Sappers
49:14 Conscription
Dr_Peste
1:17 Loom
17:57 Feudal Age
19:29 Wheelbarrow
19:09 Double-Bit Axe
19:08 Horse Collar
19:54 Town Watch
28:54 Castle Age
26:57 Gold Mining
27:51 Arson
27:29 Champi Runner
28:03 Stone Mining
29:45 Heavy Plow
30:21 Gold Shaft Mining
29:58 Bow Saw
31:32 Hand Cart
31:19 Town Patrol
34:53 Champi Warrior
41:16 Scale Mail Armor
41:26 Forging
41:07 Fletching
41:17 Padded Archer Armor
41:20 Crossbowman
45:14 Imperial Age
45:54 Treadmill Crane
46:35 Ballistics
47:47 Chemistry
46:38 Heated Shot
53:00 Two-Man Saw
51:37 Elite Champi Warrior
52:31 Curare
guenzo
0:46 Loom
9:51 Feudal Age
10:26 Double-Bit Axe
10:34 Gold Mining
12:58 Horse Collar
16:24 Stone Mining
17:22 Wheelbarrow
17:13 Town Watch
22:35 Forging
22:26 Scale Mail Armor
25:50 Castle Age
24:09 Arson
26:09 Scale Barding Armor
26:05 Padded Archer Armor
25:56 Fletching
27:53 Bloodlines
28:33 Hand Cart
29:35 Husbandry
29:51 Bow Saw
30:34 Heavy Plow
31:36 Caravan
32:19 Gold Shaft Mining
32:34 Stone Shaft Mining
33:57 Coinage
32:56 Light Cavalry
33:57 Nomads
35:16 Iron Casting
36:22 Town Patrol
37:26 Chain Mail Armor
37:33 Chain Barding Armor
42:09 Imperial Age
40:01 Masonry
41:24 Leather Archer Armor
41:05 Bodkin Arrow
44:10 Drill
43:21 Sappers
44:37 Banking
44:13 Squires
43:56 Heavy Camel Rider
44:32 Elite Steppe Lancer
46:07 Fortified Wall
45:53 Murder Holes
46:21 Ballistics
47:19 Heavy Scorpion
49:51 Elite Mangudai
50:52 Conscription
51:56 Hoardings
55:34 Cavalier
55:40 Hussar
57:00 Plate Mail Armor
FreeArkansas
12:47 Feudal Age
14:30 Wheelbarrow
13:48 Double-Bit Axe
13:52 Horse Collar
15:31 Gold Mining
22:58 Castle Age
21:36 Stone Mining
24:26 Bow Saw
25:11 Gold Shaft Mining
25:05 Heavy Plow
27:17 Hand Cart
27:37 Husbandry
26:58 Light Cavalry
27:51 Forging
29:57 Iron Casting
31:05 Scale Barding Armor
32:11 Ballistics
32:13 Padded Archer Armor
32:04 Fletching
33:08 Murder Holes
35:07 Chain Barding Armor
35:03 Leather Archer Armor
34:48 Bodkin Arrow
37:12 Yeomen
37:05 Masonry
37:08 Fortified Wall
40:04 Imperial Age
37:44 Caravan
40:07 Cavalier
41:20 Ring Archer Armor
41:52 Blast Furnace
41:19 Conscription
40:22 Elite Longbowman
41:04 Warwolf
41:41 Hoardings
42:21 Chemistry
41:58 Bracer
42:47 Plate Barding Armor
43:43 Siege Engineers
44:11 Architecture
GDL ridiculebsxd
1:12 Loom
16:15 Feudal Age
18:14 Double-Bit Axe
18:11 Horse Collar
18:27 Gold Mining
23:56 Castle Age
24:55 Wheelbarrow
25:08 Heavy Plow
25:22 Bow Saw
31:46 Stone Mining
32:32 Gold Shaft Mining
33:51 Stone Shaft Mining
37:53 Imperial Age
35:12 Town Watch
35:42 Hand Cart
40:15 Town Patrol
40:37 Caravan
41:09 Coinage
40:14 Elite Ballista Elephant
43:12 Fishing Lines
48:15 Onager
48:16 Heavy Scorpion
49:43 Scale Barding Armor
50:04 Ballistics
50:45 Chemistry
51:44 Banking
LCStarkE
0:30 Loom
14:51 Feudal Age
18:26 Fishing Lines
29:26 Castle Age
30:26 Double-Bit Axe
32:33 Bow Saw
36:00 Wheelbarrow
36:27 Caravan
36:33 Caravan
39:29 Imperial Age
37:30 Masonry
37:04 Treadmill Crane
37:26 Murder Holes
38:08 Hand Cart
38:11 Fervor
38:22 Sanctity
37:58 Herbal Medicine
38:15 Redemption
37:48 Pikeman
38:16 Gambesons
39:03 Town Watch
41:55 Town Patrol
41:42 Elite Skirmisher
42:44 Bloodlines
42:35 Husbandry
42:41 Squires
42:28 Arson
45:00 Architecture
44:51 Ballistics
45:33 Chemistry
45:43 Two-Man Saw
44:27 Horse Collar
46:19 Stone Mining
46:33 Heavy Plow
46:56 Halberdier
47:01 Elite Elephant Archer
47:05 Light Cavalry
48:11 Forging
47:52 Fletching
48:05 Scale Mail Armor
48:06 Padded Archer Armor
48:57 Elite Ratha (Ranged)
49:46 Paiks
50:03 Conscription
52:39 Iron Casting
51:59 Bodkin Arrow
51:46 Elite Battle Elephant
56:28 Mahayana
56:39 Mahayana
56:14 Onager
Connection lost

Rejoining the realm…

Still unreachable

The connection could not be restored.

Session expired

The server has moved on; the page needs a fresh start.